Map: Dusk Towers

Players

Miszu - Winner!

  • Race: Terran Terran
  • League: Master

Fire

  • Race: Terran Terran
  • League: Grandmaster

VOD

Have the link to the VOD?

Description

Time

  • Played on: May 1, 2016, 1:56 p.m.
  • Length: 14:02
Show
View Real Time Build Order
Export as new Build Order

Miszu Terran - Winner!

Build Orders: 1/1/1, MMM Bio, Banshee Rush 

Get SALT Encoding   

  12  0:00  SCV  
  13  0:13  SCV  
  14  0:17  Supply Depot  
  14  0:25  SCV  
  14  0:28  Refinery  
  15  0:39  SCV  
  16  0:45  Barracks  
  16  0:51  SCV  
  16  0:55  Refinery  
  17  1:03  SCV  
  18  1:15  SCV  
  18  1:18  Supply Depot  
  19  1:28  SCV  
  20  1:36  Factory  
  20  1:39  Reaper  
  21  1:54  Orbital Command  
  21  2:11  Reaper  
  22  2:20  SCV  
  22  2:22  Hellion  
  25  2:25  Starport  
  25  2:32  SCV  
  25  2:35  Supply Depot  
  26  2:43  Reaper  
  28  2:44  SCV  
  28  2:48  Hellion  
  30  2:56  SCV  
  31  3:03  Medivac  
  34  3:15  Barracks Tech Lab  
  33  3:23  Command Center  
  33  3:26  SCV  
  34  3:33  Factory Tech Lab  
  34  3:38  Supply Depot  
  34  3:40  SCV  
  35  3:42  Barracks Reactor  
  35  3:45  Cloaking Field  
  35  3:49  Banshee  
  35  3:53  SCV  
  39  4:05  SCV  
  39  4:21  SCV  
  38  4:25  Marine x2  
  36  4:32  Command Center, Banshee  
  39  4:41  SCV  
  39  4:42  Orbital Command  
  40  4:51  Siege Tank  
  43  4:53  SCV  
  44  5:04  Barracks  
  44  5:05  SCV  
  45  5:08  SCV  
  45  5:10  Barracks  
  46  5:17  SCV  
  46  5:20  SCV  
  48  5:29  SCV  
  49  5:37  SCV  
  49  5:40  Refinery x2  
  49  5:41  Engineering Bay, SCV  
  49  5:42  Engineering Bay  
  48  5:45  Orbital Command  
  48  5:49  SCV  
  49  5:50  Starport Reactor  
  49  5:53  SCV  
  50  6:01  Marine, SCV  
  50  6:02  Marine  
  54  6:08  SCV  
  54  6:11  Barracks Tech Lab, SCV  
  51  6:13  SCV  
  51  6:15  Siege Tank  
  51  6:17  Terran Infantry Weapons Level 1, Terran Infantry Armor Level 1  
  56  6:19  Marine x2  
  56  6:21  SCV  
  56  6:24  Barracks  
  59  6:26  Orbital Command  
  59  6:27  Barracks  
  59  6:30  Medivac x2  
  59  6:31  Marine x2  
  59  6:32  Combat Shields  
  65  6:34  Stimpack  
  65  6:37  SCV  
  65  6:38  SCV  
  67  6:43  Supply Depot  
  67  6:46  Supply Depot  
  67  6:50  SCV x2  
  67  6:51  SCV  
  70  6:57  Marine x3  
  70  6:58  Marine  
  74  7:02  SCV x2  
  74  7:04  SCV  
  74  7:06  Siege Tank  
  80  7:14  SCV x2  
  80  7:15  Supply Depot, Marine x2  
  83  7:16  Supply Depot, SCV  
  83  7:20  Barracks Reactor x2  
  83  7:21  Medivac  
  83  7:22  Medivac  
  88  7:26  SCV x2  
  88  7:28  SCV  
  89  7:33  Marine x4  
  90  7:51  Marine x4  
  78  8:01  Marine  
  78  8:05  Marine  
  79  8:09  Marine x4  
  78  8:12  Marine  
  78  8:15  SCV  
  78  8:17  Marine  
  78  8:18  Marine  
  82  8:20  Siege Tank  
  82  8:21  Medivac x2  
  82  8:23  Reaper, SCV  
  82  8:26  Marine  
  90  8:27  Marine x2  
  90  8:30  SCV x2  
  94  8:35  Marine, SCV  
  94  8:36  Marine x3  
  99  8:42  SCV x2  
  99  8:46  Marine x2  
  99  8:47  Marine, SCV  
  105  8:51  Medivac  
  105  8:52  Armory  
  105  8:54  SCV x2  
  109  9:00  SCV  
  109  9:06  SCV  
  109  9:09  Sensor Tower  
  109  9:10  Refinery x2, Sensor Tower  
  109  9:14  Supply Depot x2  
  109  9:27  Missile Turret  
  109  9:28  Missile Turret  
  109  9:31  Missile Turret  
  109  9:32  Marine  
  109  9:35  SCV x3  
  111  9:47  SCV x3  
  111  9:50  Siege Tank  
  119  9:53  Marine  
  119  9:54  Factory, Terran Infantry Weapons Level 2  
  119  9:57  Terran Infantry Armor Level 2  
  119  9:58  Marine x6  
  119  9:59  Marine  
  125  10:13  Marine, Medivac, SCV x2  
  125  10:14  Supply Depot, SCV  
  131  10:15  Supply Depot  
  131  10:16  Marine x5  
  131  10:17  Supply Depot  
  137  10:25  SCV  
  138  10:37  Marine  
  138  10:38  Marine  
  138  10:47  Barracks Reactor  
  124  11:02  Marine  
  124  11:03  Marine x5  
  124  11:05  Siege Tank  
  127  11:12  Factory Tech Lab  
  127  11:14  Medivac x2  
  127  11:18  Command Center  
  131  11:19  Supply Depot x2, Marine  
  131  11:20  Marine  
  131  11:21  Marine x3  
  131  11:22  Marauder  
  131  11:25  Marine  
  139  11:26  Marine  
  139  11:32  Siege Tank  
  143  11:37  Marine  
  143  11:38  Marine, Siege Tank  
  143  11:39  Marine x2, Marauder  
  152  11:43  Supply Depot x2, Marine x2  
  152  11:46  Barracks  
  154  11:48  Medivac, Barracks x2  
  156  11:58  Marine, Medivac  
  156  11:59  Marine  
  159  12:04  Siege Tank  
  158  12:14  Siege Tank  
  158  12:16  Marine x2  
  158  12:18  Medivac  
  166  12:27  Medivac  
  164  12:48  Siege Tank x2  
  164  12:49  Barracks Reactor x3  
  164  12:50  Marine x6  
  176  12:54  Sensor Tower  
  176  12:55  Marine x2  
  165  13:08  Marine  
  165  13:10  Sensor Tower  
  165  13:12  Planetary Fortress  
  165  13:19  SCV  
  166  13:20  SCV x2  
  166  13:22  Siege Tank x2  
  166  13:24  Medivac  
  175  13:31  SCV  
  175  13:32  SCV  
  161  13:37  Marine x10  
Show
View Real Time Build Order
Export as new Build Order

Fire Terran 

Build Orders: Reaper Expand, Bio Tank 

Get SALT Encoding   

  12  0:00  SCV  
  13  0:13  SCV  
  14  0:17  Supply Depot  
  14  0:25  SCV  
  15  0:39  Barracks, SCV  
  16  0:43  Refinery  
  16  0:51  SCV  
  17  1:03  SCV  
  18  1:15  SCV  
  19  1:27  Reaper, Orbital Command  
  20  1:42  Command Center  
  20  1:49  Refinery  
  20  1:53  SCV  
  21  1:59  Barracks Reactor  
  21  2:05  SCV  
  22  2:08  Supply Depot  
  22  2:17  SCV  
  22  2:19  Factory  
  23  2:30  SCV  
  23  2:31  Bunker  
  23  2:35  Marine x2  
  26  2:42  SCV  
  27  2:53  Marine x2  
  27  2:55  Orbital Command  
  27  2:56  SCV  
  30  3:04  Factory Tech Lab  
  30  3:08  Starport  
  30  3:12  Marine  
  31  3:14  SCV  
  31  3:22  Cyclone  
  31  3:24  SCV  
  35  3:27  SCV  
  35  3:31  Supply Depot  
  35  3:33  Marine  
  37  3:35  Marine  
  37  3:40  SCV  
  39  3:42  SCV  
  39  3:46  Viking  
  41  3:52  SCV  
  41  3:54  Marine x2, SCV  
  45  4:00  Siege Tank  
  47  4:04  SCV  
  47  4:05  Supply Depot  
  47  4:07  SCV  
  49  4:17  SCV  
  48  4:23  Viking, SCV  
  48  4:24  Marine x2  
  51  4:29  SCV  
  53  4:35  SCV  
  54  4:42  SCV  
  54  4:44  Command Center  
  55  4:47  SCV  
  55  4:49  Factory Tech Lab  
  55  4:50  Supply Depot  
  55  4:52  Marine  
  57  4:53  Stimpack  
  57  4:58  Viking  
  57  4:59  SCV  
  60  5:01  SCV  
  60  5:04  Barracks  
  61  5:07  Refinery  
  61  5:11  Siege Tank  
  61  5:12  Marine  
  66  5:21  SCV  
  66  5:22  Supply Depot  
  66  5:23  SCV  
  65  5:33  SCV  
  62  5:35  SCV  
  62  5:39  Marine  
  62  5:40  Starport Reactor  
  62  5:43  Engineering Bay  
  62  5:46  Engineering Bay  
  62  5:48  SCV  
  63  5:52  SCV  
  62  6:00  SCV  
  60  6:04  SCV  
  60  6:10  Marine x3  
  63  6:12  SCV  
  63  6:16  SCV  
  65  6:20  Medivac x2  
  65  6:24  Refinery, SCV  
  70  6:28  SCV, Orbital Command  
  71  6:33  Missile Turret  
  71  6:36  SCV  
  72  6:40  SCV  
  72  6:41  Marine x2  
  75  6:48  SCV  
  75  6:50  Orbital Command  
  75  6:52  Marine, SCV  
  78  6:59  Marine, Combat Shields  
  78  7:01  SCV  
  80  7:04  SCV  
  81  7:09  Starport Reactor  
  81  7:10  Barracks, Siege Tank  
  81  7:13  SCV  
  81  7:15  SCV  
  85  7:16  SCV  
  85  7:19  Marine x2  
  88  7:23  Terran Infantry Armor Level 1  
  88  7:25  SCV  
  88  7:27  SCV  
  90  7:30  SCV  
  90  7:31  Marine  
  90  7:36  Marine  
  93  7:48  Medivac  
  93  7:49  Marine x2  
  93  7:52  Medivac  
  93  7:54  Marine, Siege Tank  
  89  8:01  Marine  
  89  8:02  SCV  
  89  8:03  Marine  
  89  8:05  SCV  
  93  8:08  Supply Depot  
  93  8:09  Terran Infantry Weapons Level 1  
  93  8:10  Marine, SCV  
  88  8:16  SCV  
  88  8:17  Marine x2  
  88  8:18  Medivac  
  93  8:20  Barracks  
  93  8:22  Medivac, Barracks  
  93  8:24  SCV  
  93  8:26  Siege Tank  
  92  8:32  Marine x2  
  92  8:33  SCV  
  93  8:35  Marine x2  
  93  8:38  SCV  
  96  8:41  Factory  
  96  8:43  Supply Depot  
  96  8:44  Barracks Reactor, SCV, Armory  
  96  8:45  SCV  
  95  8:50  SCV  
  95  8:53  Marine x2  
  98  8:58  Siege Tank  
  98  9:02  Medivac  
  101  9:05  Medivac  
  101  9:06  Marine x2  
  101  9:07  Barracks Reactor  
  103  9:10  Supply Depot  
  103  9:11  SCV  
  103  9:12  Supply Depot  
  104  9:17  Refinery x2  
  104  9:18  Marine  
  104  9:19  Marine  
  104  9:21  SCV  
  104  9:22  Supply Depot  
  104  9:23  Marine  
  101  9:26  Marine x2  
  103  9:34  Marine  
  103  9:35  Supply Depot  
  103  9:36  Supply Depot, Marine  
  105  9:42  Marine x2  
  105  9:43  Medivac x2, Siege Tank  
  108  9:50  Terran Infantry Armor Level 2  
  108  9:51  Sensor Tower  
  108  9:53  SCV  
  108  9:59  SCV  
  110  10:01  Supply Depot, Marine x5  
  110  10:02  Marine x3  
  110  10:03  Barracks Reactor  
  110  10:06  Siege Tank  
  121  10:08  SCV  
  121  10:13  SCV  
  123  10:19  Marine x8  
  131  10:24  SCV  
  131  10:28  Siege Tank  
  135  10:32  SCV  
  135  10:33  Terran Infantry Weapons Level 2  
  136  10:37  Marine x8  
  136  10:38  SCV  
  136  10:39  Supply Depot, Medivac  
  136  10:40  Terran Vehicle Weapons Level 1  
  147  10:44  SCV  
  147  10:47  SCV  
  149  10:52  Marine, SCV  
  149  10:54  Marine  
  131  10:58  Marine, Siege Tank  
  131  11:01  SCV  
  118  11:06  Siege Tank  
  118  11:09  Factory  
  118  11:10  Command Center  
  121  11:15  Medivac  
  121  11:16  Medivac  
  125  11:22  Marine x2  
  125  11:24  Marine  
  125  11:25  Marine  
  129  11:29  Supply Depot  
  129  11:30  Marine  
  130  11:33  Siege Tank  
  130  11:39  Marine  
  132  11:43  Siege Tank  
  132  11:45  Marine x2, Medivac x2  
  142  11:47  Marine x2  
  142  11:51  Marine x2  
  142  11:52  Barracks  
  146  11:55  Barracks, Factory Tech Lab  
  146  12:00  Supply Depot x2  
  143  12:13  Marine  
  137  12:16  Siege Tank  
  137  12:18  Marine x2  
  142  12:26  Marine  
  142  12:27  Command Center  
  142  12:28  Marine  
  142  12:29  Siege Tank  
  147  12:35  Marine  
  147  12:36  Marine, Siege Tank  
  152  12:37  Medivac x2  
  156  12:44  Marine  
  156  12:48  Siege Tank  
  160  12:52  Marine x2  
  162  13:01  Siege Tank  
  162  13:05  Marine x2  
  155  13:06  Marine x2  
  155  13:08  Siege Tank  
  155  13:09  Marine x2  
  155  13:11  Marine  
  156  13:24  Marine x2, Siege Tank  
  156  13:25  Marine x2  
  163  13:32  Marine  
  146  13:37  Marine x5  
Tags
 
Add a new tag
Caveats
  • Supply blocks, unpowered buildings, or Contaminate may cause inaccurate times.
  • Supply counts are checked every 10 seconds.